 Dungeon Crawl Stone Soup version 0.27-a0-1334-g2746e35aca (webtiles) character file.

Game seed: 13308780873100202057

0 Gargoyl the Skirmisher (level 1, -3/23 HPs)
             Began as a Gnoll Abyssal Knight on June 26, 2021.
             Was a Follower of Lugonu.
             Killed from afar by a will-o-the-wisp (18 damage)
             ... with a foxfire
             ... on level 2 of the Abyss.
             The game lasted 00:00:20 (66 turns).

Gargoyl the Skirmisher (Gnoll Abyssal Knight)         Turns: 66, Time: 00:00:21

Health: -3/23      AC:  3    Str: 11    XL:     1   Next: 0%
Magic:  3/3        EV: 11    Int:  9    God:    Lugonu [*.....]
Gold:   22         SH:  0    Dex: 11    Spells: 0/0 levels left

rFire    . . .     SeeInvis .   a - +1 hand axe
rCold    . . .     Faith    .   (no shield)
rNeg     . . .     Spirit   .   b - +0 leather armour
rPois    +         Reflect  .   (no helmet)
rElec    .         Harm     .   (no cloak)
rCorr    .         Rampage  .   (no gloves)
Will     .....                  (no boots)
Stlth    +.........             (no amulet)
HPRegen  0.07/turn              (no ring)
MPRegen  0.08/turn              (no ring)

@: no status effects
A: fangs 1, strong nose, distributed training, claws 1, dopey 1, poison
resistance
a: Renounce Religion, Depart the Abyss


You were on level 2 of the Abyss.
You worshipped Lugonu.
Lugonu was aware of your devotion.
You visited 0 branches of the dungeon, and saw 0 of its levels.
You visited the Abyss 1 time.

You collected 22 gold pieces.

Inventory:

Hand Weapons
 a - a +1 hand axe (weapon)
Armour
 b - a +0 leather armour (worn)
Scrolls
 c - a scroll of noise


   Skills:
 + Level 6.4 Fighting
 + Level 0.0 Short Blades
 + Level 0.0 Long Blades
 + Level 4.4 Axes
 + Level 0.0 Maces & Flails
 + Level 0.0 Polearms
 + Level 0.0 Staves
 + Level 0.0 Slings
 + Level 0.0 Bows
 + Level 0.0 Crossbows
 + Level 0.0 Throwing
 + Level 4.4 Armour
 + Level 2.3 Dodging
 + Level 0.0 Stealth
 + Level 0.0 Shields
 + Level 0.0 Unarmed Combat
 + Level 0.0 Spellcasting
 + Level 0.0 Conjurations
 + Level 0.0 Hexes
 + Level 0.0 Summonings
 + Level 0.0 Necromancy
 + Level 0.0 Translocations
 + Level 0.0 Transmutations
 + Level 0.0 Fire Magic
 + Level 0.0 Ice Magic
 + Level 0.0 Air Magic
 + Level 0.0 Earth Magic
 + Level 0.0 Poison Magic
 + Level 4.4 Invocations
 + Level 0.0 Evocations


You couldn't memorise any spells.
You didn't know any spells.
Your spell library contained the following spells:

 Spells                   Type           Power      Damage    Failure   Level
 Foxfire                  Conj/Fire      0%         2x1d4     45%         1
 Conjure Flame            Conj/Fire      0%         6-21      83%         3
 Inner Flame              Hex/Fire       0%         N/A       83%         3
 Sticky Flame             Conj/Fire      0%         2d3       99%         4
 Fireball                 Conj/Fire      0%         3d3       100%        5


Dungeon Overview and Level Annotations

Branches:
Dungeon (0/15)

Altars:


Innate Abilities, Weirdness & Mutations

You have very sharp teeth.
Your uncanny sense of smell can sniff out nearby items.
Your experience applies equally to all skills.
You have sharp fingernails.
You are dopey. (Int -2)
Your system is resistant to poisons. (rPois)


Message History

The starspawn tentacle loses its grip on you.
The tentacle pulls you backwards!
Splash!
You fall into the shallow water.
Moving in this stuff is going to be slow.
The starspawn tentacle grabs you. The starspawn tentacle constricts you.
You escape the starspawn tentacle's grasp.
Found 2 scrolls labelled ODYETO ECLASKU.
Found 27 gold pieces.
Found a smoky coppery potion.
Tentacles burst from the starspawn's body! 2 starspawn tentacles come into view.
You see here 2 scrolls labelled ODYETO ECLASKU.
c - 2 scrolls labelled ODYETO ECLASKU The starspawn tentacle grabs you.
The starspawn tentacle constricts you.
As you read the scroll labelled ODYETO ECLASKU, it crumbles to dust.
You hear a loud clanging noise!
It was a scroll of noise.
You hear a chilling moan.
You hear a shout!
The starspawn tentacle loses its grip on you.
The tentacle pulls you backwards!
The starspawn tentacle barely misses you.
The starspawn tentacle grabs you. The starspawn tentacle constricts you.
A starspawn tentacle segment comes into view.
You escape the starspawn tentacle's grasp.
The starspawn tentacle closely misses you.
A will-o-the-wisp comes into view.
The will-o-the-wisp gives a chilling moan.
Found a gateway leading out of the Abyss.
Found 59 gold pieces.
You see here a smoky coppery potion.
d - a smoky coppery potion The will-o-the-wisp gestures.
The will-o-the-wisp conjures some foxfire!
A foxfire comes into view.
It was a potion of mutation.
You feel extremely strange.
You feel resistant to poisons.
You feel stupid.
Your fingernails lengthen.
The foxfire hits you!!
Ouch! That really hurt!
You die...

X# #.≈ ..# .#..
########..##
..# ## .#
##..... ##..#
.. # .≈
#≈≈.$.....# .
.. ..##.#..
.#.#.# .#...
.......#...#..#
#...#.# .#...
..###§.##.
##..# # .#.##
#v.§..##...#
.####
#v.#..§v@.#
#..##.#.#.#..#
#.## ##.#..#
#..# .$.....
..# ...#..... #
#..##.#....
#.## #...#...
## .....#..#


You could see a will-o-the-wisp.

Vanquished Creatures (others)
  4 starspawn tentacles (Abyss:2)
4 creatures vanquished.

Notes
Turn   | Place    | Note
-------+----------+-------------------------------------------
     0 | Abyss:1  | Gargoyl the Gnoll Abyssal Knight began the quest for the
                  | Orb.
     0 | Abyss:1  | Reached XP level 1. HP: 23/23 MP: 3/3
    33 | Abyss:2  | Found a corrupted altar of Lugonu.
    41 | Abyss:2  | Noticed a tentacled starspawn
    61 | Abyss:2  | Noticed a will-o-the-wisp
    66 | Abyss:2  | Gained mutation: Your system is resistant to poisons.
                  | (rPois) [potion of mutation]
    66 | Abyss:2  | Gained mutation: You are dopey. (Int -2) [potion of
                  | mutation]
    66 | Abyss:2  | Gained mutation: You have sharp fingernails. [potion of
                  | mutation]
    66 | Abyss:2  | Killed from afar by a will-o-the-wisp

Illustrated notes

Levels and vault maps discovered:
Abyss:2:  base:
Temple

Action                   || total
-------------------------++-------
  Use: Scroll            ||     1
       Potion            ||     1
Dodge: Dodged            ||     2

Table legend: (Time is in decaauts)
 A = Elapsed time spent in this place.
 B = Non-inter-level travel time spent in this place.
 C = Inter-level travel time spent in this place.
 D = Time resting spent in this place.
 E = Time spent auto-exploring this place.
 F = Levels seen in this place.
 G = Mean time per level.
                   A        B        C        D        E       F      G
               +--------+--------+--------+--------+--------+-----+--------+
         Total |     66 |     66 |      0 |      0 |     32 |   2 |   33.0 |
         Abyss |     66 |     66 |      0 |      0 |     32 |   2 |   33.0 |
               +--------+--------+--------+--------+--------+-----+--------+

Top non-repeatable levels by time:
 Abyss:2: 37 daAuts
 Abyss:1: 29 daAuts
